 Dungeon Crawl Stone Soup version 0.23-a0-435-g79ed067 (webtiles) character file.

43 Geeful the Sneak (level 3, -1/19 HPs)
             Began as a Kobold Enchanter on Nov 15, 2018.
             Slain by a leopard gecko (4 damage)
             ... on level 2 of the Dungeon.
             The game lasted 00:04:11 (1302 turns).

Geeful the Sneak (Kobold Enchanter)                 Turns: 1302, Time: 00:04:11

Health: -1/19      AC:  2    Str:  6    XL:     3   Next: 82%
Magic:  7/15       EV: 21    Int: 16    God:
Gold:   61         SH:  0    Dex: 20    Spells: 3/6 levels left

rFire    . . .     SeeInvis .   a - +1 dagger
rCold    . . .     Gourm    .   (shield restricted)
rNeg     . . .     Faith    .   b - +0 robe
rPois    .         Spirit   .   (no helmet)
rElec    .         Reflect  .   (no cloak)
rCorr    .         Harm     .   (no gloves)
MR       +....                  (no boots)
Stlth    ++++......             (no amulet)
HPRegen  0.06/turn              j - ring of protection from magic
MPRegen  0.14/turn              h - ring of magical power

@: agile
A: small, carnivore
a: no special abilities


You were on level 2 of the Dungeon.
You were very full.

You visited 1 branch of the dungeon, and saw 2 of its levels.

You collected 61 gold pieces.

Inventory:

Hand Weapons
 a - a +1 dagger (weapon)
Missiles
 f - 4 tomahawks (quivered)
Armour
 b - a +0 robe (worn)
Jewellery
 h - a ring of magical power (right hand)
 j - a ring of protection from magic (left hand)
Scrolls
 c - a scroll of fog
 e - a scroll of teleportation {unknown}
Comestibles
 d - 2 rations


   Skills:
 + Level 2.8 Short Blades
 + Level 3.3 Dodging
 + Level 4.8 Stealth
 - Level 2.1 Spellcasting
 - Level 3.0 Hexes


You had 3 spell levels left.
You knew the following spells:

 Your Spells              Type           Power        Failure   Level  Hunger
a - Corona                Hex            ##.....      6%          1    #......
b - Ensorcelled Hibernat  Hex/Ice        #.....       17%         2    ###....

Your spell library contained the following spells:

 Spells                   Type           Power        Failure   Level  Hunger
 Confuse                  Hex            ##......     19%         3    ###....
 Tukima's Dance           Hex            ##......     19%         3    ###....
 Dazzling Spray           Conj/Hex       #.....       32%         3    ###....


Dungeon Overview and Level Annotations

Branches:
Dungeon (2/15)

Altars:
Ashenzari

Annotations:
D:2 Sigmund


Innate Abilities, Weirdness & Mutations

You are small and have problems with some larger weapons.
You are carnivorous and can eat meat at any time.


Message History

You feel agile all of a sudden. The leopard gecko closely misses you.
Sigmund screams, "Don't try to resist!"
Sigmund mumbles some strange words.
Sigmund flickers and vanishes!
Deactivating autopickup; reactivate with Ctrl-A.
The leopard gecko barely misses you.
A rat comes into view.
The leopard gecko closely misses you. The leopard gecko misses you.
The leopard gecko barely misses you.
The leopard gecko completely misses you.
Casting: Corona (safe; 6% risk of failure)
Confirm with . or Enter, or press ? or * to list all spells.
Aiming: Ensorcelled Hibernation (safe; 17% risk of failure)
Press: ? - help, Shift-Dir - straight line, f - leopard gecko
Aim: a leopard gecko (clinging, chance to defeat MR: 55%)
The leopard gecko resists with significant effort.
The leopard gecko misses you. The leopard gecko bites you.
You die...

#.....<.###..######.........
#.......# #..# #...###.##
#....†..# #..#######.## #.#
####.######..........# #.#
#.........#######.####.#
#..#####.########......#
########..#....#......##.######
#.........#.###.#####.##.#
#.###.......# #@# #.##.##
#.###.### #l# #.#...# #. #.#
#.# #.#.#.# # #.# #.# #†#.#.#
#.# #.# #.._..# ..# #.# #.#.###
..# #.## #.#..####### ..# #..#
#.##........ #..# ##.#
#.##########


You could see a leopard gecko.

Vanquished Creatures
  An adder (D:2)
  A dart slug (D:1)
  A leopard gecko (D:1)
  A ball python (D:1)
  3 giant cockroaches
  4 goblins
  2 hobgoblins (D:1)
  3 kobolds
  3 bats (D:1)
  5 frilled lizards
  8 rats
32 creatures vanquished.

Notes
Turn   | Place    | Note
-------+----------+-------------------------------------------
     0 | D:1      | Geeful the Kobold Enchanter began the quest for the Orb.
     0 | D:1      | Reached XP level 1. HP: 10/10 MP: 3/3
   341 | D:1      | Reached XP level 2. HP: 15/15 MP: 5/5
   373 | D:1      | Learned a level 2 spell: Ensorcelled Hibernation
   602 | D:1      | Reached XP level 3. HP: 15/19 MP: 6/6
  1225 | D:2      | Found a shattered altar of Ashenzari.
  1267 | D:2      | Noticed Sigmund
  1302 | D:2      | Slain by a leopard gecko

Vault maps used:
D:1:      mushboom_english_gardens
D:2:      lemuel_crystal_altar, uniq_sigmund

Skill      XL: |  1  2 |
---------------+-------+-----
Short Blades   | 2 |  2.8
Dodging        | 3 |  3.3
Stealth        | |  4.8
Spellcasting   | |  2.1
Hexes          | |  3.0

Action                   || total
-------------------------++-------
Melee: Dagger            ||    76
 Cast: Corona            ||     2
       Ensorcelled Hiber ||     1
  Use: Scroll            ||     5
       Potion            ||     1
 Stab: Sleeping          ||    17
  Eat: Chunk             ||     9
Armor: Robe              ||     9
Dodge: Dodged            ||    47

Table legend:
 A = Non-vault XP
 B = Vault XP
 C = Vault XP percentage of total XP
 D = Non-vault monster count
 E = Vault monster count
 F = Vault count percentage of total count
                 A         B        C        D         E       F
            +---------+---------+-------+---------+---------+-------
      Total |      62 |       0 |   0.0 |      32 |       0 |   0.0
            +---------+---------+-------+---------+---------+-------
        D:1 |      37 |       0 |   0.0 |      22 |       0 |   0.0
        D:2 |      25 |       0 |   0.0 |      10 |       0 |   0.0
            +---------+---------+-------+---------+---------+-------
